 Dungeon Crawl Stone Soup version 0.30-a0-424-g7412bad402 (webtiles) character file.

Game seed: 16545930970469839661

34547 Zonian the Thaumaturge (level 14, -1/97 HPs)
             Began as a Djinni Ice Elementalist on Dec 10, 2022.
             Was a Priest of Ashenzari.
             Slain by a death yak (7 damage)
             ... on level 5 of the Lair of Beasts.
             The game lasted 00:49:38 (17935 turns).

Zonian the Thaumaturge (Djinni Ice Elementalist)   Turns: 17935, Time: 00:49:39

Health: -1/97      AC:  5    Str:  7    XL:     14   Next: 13%
Gold:   685        EV: 19    Int: 20    God:    Ashenzari [***...] SH:  0 Dex: 25

rFire   + . .      SeeInvis +    l - +3 trident (spect)
rCold   . . .      Faith    .    (no shield)
rNeg    + . .      Spirit   .    C - +0 robe "Shattered With Me" {Rampage rN+ MP+9 Dex+3, Self, Fort} (curse)
rPois   ∞          Reflect  .    r - +0 helmet "Ruined Loss" {Self, Range} (curse)
rElec   .          Harm     .    n - +1 cloak of Toth-Mos's Legacy {Range, Evo} (curse)
rCorr   .          Rampage  +    (no gloves)
Will    +....      Clarity  +    (boots unavailable)
Stlth   ++++......               R - amulet "Shackled Water Diviner" {Acrobat, Melee, Evo} (curse)
HPRegen 0.36/turn                o - ring of ice
MPRegen 0.00/turn                v - ring of Ashenzari's Burden {Dex+6, Self, Fort} (curse)

@: animating dead, flying, studying Staves
A: sickness immunity, fire resistance 2, cold vulnerability 1, float, innate
caster, HP casting, extra vitality 1
a: Renounce Religion, Curse Item, Shatter the Chains


You were on level 5 of the Lair of Beasts.
You worshipped Ashenzari.
Ashenzari was most pleased with you.
You visited 3 branches of the dungeon, and saw 14 of its levels.
You also visited: Sewer and Bailey.

You collected 827 gold pieces.
You spent 142 gold pieces at shops.

Inventory:

Hand Weapons
 l - a +3 spectral trident (weapon)
 u - a +1 short sword of venom
 w - a +0 whip of electrocution
 x - a +0 dagger of draining
 y - a +6 battleaxe of venom
 G - a +2 whip of electrocution
 I - a +1 halberd of electrocution
 K - a +1 demon whip of venom
Missiles
 b - 6 javelins
 j - 31 poisoned darts
 t - 4 curare-tipped darts
 A - 3 throwing nets
Armour
 g - a +1 robe of the Archmagi
 h - a +1 scale mail of cold resistance
 n - the cursed +1 cloak of Toth-Mos's Legacy (worn) {Range, Evo}
   (You found it on level 4 of the Dungeon)

   It has a curse which improves the following skills: Ranged Combat: Ranged
   Weapons and Throwing.
   Evocations: Evocations.
 r - the cursed +0 helmet "Ruined Loss" (worn) {Self, Range}
   (You found it on level 3 of the Dungeon)

   It has a curse which improves the following skills: Introspection: Fighting
   and Spellcasting.
   Ranged Combat: Ranged Weapons and Throwing.
 s - a +3 leather armour
 C - the cursed +0 robe "Shattered With Me" (worn) {Rampage rN+ MP+9 Dex+3, Self, Fort}
   (You bought it in a shop on level 2 of the Dungeon)

   Dex:       It affects your dexterity (+3).
   rN:        It protects you from negative energy.
   MP:        It affects your magic capacity (+9).
   Rampage:   It bestows one free step when moving towards enemies.
   It has a curse which improves the following skills: Introspection: Fighting
   and Spellcasting.
   Fortitude: Armour and Shields.
Jewellery
 m - a ring of see invisible
 o - a ring of ice (left hand)
 v - the cursed ring of Ashenzari's Burden (right hand) {Dex+6, Self, Fort}
   (You found it on level 3 of the Dungeon)

   [ring of dexterity]

   Dex:       It affects your dexterity (+6).
   It has a curse which improves the following skills: Introspection: Fighting
   and Spellcasting.
   Fortitude: Armour and Shields.
 R - the cursed amulet "Shackled Water Diviner" (around neck) {Acrobat, Melee, Evo}
   (You found it on level 7 of the Dungeon)

   [amulet of the acrobat]

   It increases your evasion while moving and waiting.
   It has a curse which improves the following skills: Melee Combat: Short
   Blades, Long Blades, Axes, Maces & Flails, Polearms, Staves and Unarmed
   Combat.
   Evocations: Evocations.
Wands
 i - a wand of flame (23)
 z - a wand of iceblast (22)
 B - a wand of charming (37)
 H - a wand of polymorph (6)
Scrolls
 a - 2 scrolls of poison
 q - 2 scrolls of teleportation
 D - a scroll of summoning
 M - 2 scrolls of fog
 P - a scroll of enchant armour
 Q - a scroll of vulnerability
 T - a scroll of magic mapping
Potions
 c - 4 potions of attraction
 d - 5 potions of lignification
 e - 2 potions of ambrosia
 f - 2 potions of degeneration
 k - 2 potions of cancellation
 p - 4 potions of might
 F - 2 potions of berserk rage
 J - 2 potions of resistance
 L - 7 potions of invisibility
 N - 2 potions of brilliance
 O - 2 potions of haste
 S - a potion of curing


   Skills:
 + Level 4.8(7.9) Fighting
 + Level 11.5(13.1) Polearms
 - Level 7.8 Dodging
 - Level 6.2 Stealth
 - Level 12.6(15.8) Spellcasting


You had 14 spell levels left.
You knew the following spells:

 Your Spells              Type           Power      Damage    Failure   Level
a - Freeze                Ice            100%       1d10      0%          1
b - Frozen Ramparts       Ice            100%       1d16      1%          3
c - Ozocubu's Armour      Ice            87%        N/A       1%          3
d - Summon Ice Beast      Ice/Summ       87%        N/A       1%          4
e - Magic Dart            Conj           100%       1d8       0%          1
f - Call Imp              Summ           68%        N/A       0%          2
g - Call Canine Familiar  Summ           68%        N/A       1%          3
h - Cause Fear            Hex            34%        N/A       1%          4
i - Animate Dead          Necr           68%        N/A       1%          4
j - Lee's Rapid Deconstr  Erth           34%        3d17*     1%          5
Your spell library was empty.

Dungeon Overview and Level Annotations

Branches:
Dungeon (8/15)             Temple (1/1) D:6            Lair (5/5) D:8
  Swamp (0/4) Lair:2        Snake (0/4) Lair:2        Slime (0/5) Lair:4
  Sewer (visited)          Bailey (visited)

Altars:
Ashenzari
Cheibriados
Dithmenos
Elyvilon
Fedhas
Gozag
Hepliaklqana
Makhleb
Nemelex Xobeh
Okawaru
Qazlal
Ru
Trog
Uskayaw
Wu Jian
Xom
Yredelemnul
The Shining One
Jiyva

Shops:
D:2 [

Annotations:
Lair:3 1 runed translucent door, Junemoh's ghost, journeyman GrFi


Innate Abilities, Weirdness & Mutations

You are immune to sickness and miasma.
You are immune to poison.
Your flesh is very heat resistant. (rF++)
You are vulnerable to cold. (rC-)
You float through the air rather than walking.
You learn spells naturally, not from books.
Your magical power is your life essence.
You have superior vitality. (+4 MHP)


Message History

* * * LOW HITPOINT WARNING * * *
Unknown command.
You feel much better. The death yak gores you.
As you read the scroll of summoning, it crumbles to dust.
Wisps of shadow whirl around you...
Unknown command.
The death yak attacks as you move away! The death yak barely misses you.
Your yak gores the death yak but does no damage.
Unknown command.
You puncture the death yak!
The death yak is heavily wounded.
Your +3 spectral trident hits the death yak from afar.
Unknown command.
You hit the death yak.
The death yak is heavily wounded.
Your +3 spectral trident hits the death yak from afar!
The death yak barely misses your yak.
Your yak gores the death yak!
Your yak barely misses the death yak.
Your komodo dragon barely misses the death yak.
Your yak barely misses the death yak.
You hit the death yak but do no damage.
The death yak is severely wounded.
Your +3 spectral trident hits the death yak from afar!
The death yak gores something.
The death yak gores you!
* * * LOW HITPOINT WARNING * * *
The death yak gores you!
* * * LOW HITPOINT WARNING * * *
Your yak closely misses the death yak.
Your yak barely misses the death yak.
Your komodo dragon bites the death yak but does no damage.
Your yak gores the death yak!
You swap places.
You feel much better. The death yak misses you. The death yak gores you!!
* * * LOW HITPOINT WARNING * * *
Your yak gores the death yak but does no damage.
Unknown command.
Okay, then.
Okay, then.
Okay, then.
The death yak attacks as you move away! The death yak gores you!
You die...

.........# *,,## . .........# ###
.# Y. .........# ##.### * .###YY.
........## ##.YY.####{ZYYY..
........## #..Y.{.##{{{.Y#*
.........# ##YY{{YY#{{.#* *
........## #YY##...Y.#* *
....#...### #.lY###.###
...#.#....####.Y@####### ,
...........# ##...###..# * ,
...........## ##.....P## *
........P...###......### *
........Z#......8......###
.........#..........8....#######
....<....##......8........#P...##
......................8..........
...............8.........(.......


You could see 2 death yaks, a friendly komodo dragon (summoned) and 4 friendly
yaks.

Vanquished Creatures
  A hydra (Lair:4)
  3 catoblepae
  A fire crab (Lair:5)
  A bog body (Lair:2)
  Pikel (D:4)
  A manticore (Lair:5)
  17 elephants
  3 black mambas
  11 cane toads
  Maggie (D:8)
  2 rime drakes
  8 komodo dragons
  4 polar bears
  Grinder (D:3)
  14 blink frogs
  9 dream sheep (Lair:4)
  15 yaks
  A basilisk (Lair:5)
  4 steam dragons
  4 nagas (Lair:2)
  An acid dragon (D:8)
  9 water moccasins
  3 black bears
  2 orc warriors
  2 sky beasts
  An ogre (D:4)
  7 wolves
  A lemure (D:4)
  A phantom (D:5)
  Blork the orc (D:5)
  3 kobold brigands
  4 scorpions
  8 bullfrogs
  5 killer bees (D:8)
  2 orc priests (D:7)
  4 jellies
  4 hounds
  2 orc wizards
  3 iguanas
  13 gnolls
  15 adders
  4 river rats (Sewer)
  2 shadow imps
  2 white imps
  An ufetubus (D:5)
  2 dart slugs
  30 orcs
  4 bats
  9 endoplasms
  4 giant cockroaches
  11 goblins
  5 hobgoblins
  3 jackals (D:1)
  14 kobolds
  2 quokkas
  11 ball pythons
  13 frilled lizards
  25 rats
335 creatures vanquished.

Vanquished Creatures (collateral kills)
  A hydra (Lair:3)
  A death yak (Lair:5)
  Amaemon (Lair:3)
  An elephant (Lair:3)
  An orange demon (Lair:3)
  3 komodo dragons
  5 dream sheep (Lair:4)
  3 blink frogs (Lair:3)
  A yak (Lair:4)
  A black bear (D:6)
  An ogre (D:4)
  2 adders
  A quokka (D:4)
  3 ball pythons (Sewer)
  3 kobolds
28 creatures vanquished.

Vanquished Creatures (others)
  An elephant zombie (Lair:5)
  A fire crab zombie (Lair:5)
  A bullfrog (Lair:4)
  2 yak zombies (Lair:5)
  3 wolf zombies (Lair:5)
  18 fungi
  109 plants
135 creatures vanquished.

Grand Total: 498 creatures vanquished

Notes
Turn   | Place    | Note
-------+----------+-------------------------------------------
     0 | D:1      | Zonian the Djinni Ice Elementalist began the quest for the
                  | Orb.
     0 | D:1      | Zonian set off with the following spells memorised: Freeze,
                  | Frozen Ramparts, Ozocubu's Armour, Summon Ice Beast.
     0 | D:1      | Reached XP level 1. HP: 15/15 MP: 0/0
    45 | D:1      | Reached XP level 2. HP: 12/21 MP: 0/0
   443 | D:1      | Reached XP level 3. HP: 14/25 MP: 0/0
   443 | D:1      | Learned a level 1 spell: Magic Dart
  1396 | D:2      | Found Muidabro's Antique Armour Emporium.
  1519 | D:2      | Reached XP level 4. HP: 30/31 MP: 0/0
  1791 | D:2      | You are sucked into a shaft and drop 2 floors!
  2251 | D:3      | Noticed Grinder
  2287 | D:3      | Paralysed by Grinder for 5 turns
  2289 | D:3      | HP: 1/31 [Grinder (2)]
  2295 | D:3      | Paralysed by Grinder for 3 turns
  2302 | D:3      | Paralysed by Grinder for 5 turns
  2303 | D:3      | Killed Grinder
  2304 | D:3      | Reached skill level 4 in Spellcasting
  2304 | D:3      | Reached XP level 5. HP: 35/35 MP: 0/0
  2304 | D:3      | Learned a level 2 spell: Call Imp
  2304 | D:3      | Reached XP level 6. HP: 40/40 MP: 0/0
  2770 | D:3      | Found a sparkling altar of Nemelex Xobeh.
  2927 | D:4      | Noticed an ogre
  2943 | D:4      | Noticed a steam dragon
  2985 | D:4      | Found a blossoming altar of Fedhas.
  2985 | D:4      | Found a basalt altar of Yredelemnul.
  3014 | D:4      | Killed a steam dragon
  3015 | D:4      | Reached XP level 7. HP: 31/45 MP: 0/0
  3015 | D:4      | Learned a level 3 spell: Call Canine Familiar
  3494 | D:4      | Reached skill level 5 in Dodging
  3705 | D:4      | Noticed Pikel
  3721 | D:4      | Killed Pikel
  3722 | D:4      | Reached skill level 5 in Stealth
  3722 | D:4      | Reached skill level 5 in Spellcasting
  3722 | D:4      | Reached XP level 8. HP: 14/50 MP: 0/0
  3880 | D:4      | Found an ornate altar of the Wu Jian Council.
  4262 | D:5      | Entered Level 5 of the Dungeon
  4427 | D:5      | Noticed Blork the orc
  4436 | D:5      | Killed Blork the orc
  4437 | D:5      | Reached XP level 9. HP: 35/55 MP: 0/0
  4437 | D:5      | Learned a level 4 spell: Cause Fear
  4564 | D:5      | Found a glowing drain.
  4572 | Sewer    | Entered a sewer
  4842 | Sewer    | Reached skill level 6 in Spellcasting
  5840 | D:2      | Bought a tattered robe for 142 gold pieces
  5840 | D:2      | Identified the +0 robe of the True Pharaoh {Rampage rN+
                  | MP+9 Dex+3} (You bought it in a shop on level 2 of the
                  | Dungeon)
  5989 | D:6      | Found a staircase to the Ecumenical Temple.
  6001 | Temple   | Entered the Ecumenical Temple
  6032 | Temple   | Became a worshipper of Ashenzari the Shackled
  6336 | D:6      | Reached skill level 7 in Spellcasting
  6728 | D:6      | Found a burning altar of Makhleb.
  6790 | D:7      | Found a shadowy altar of Dithmenos.
  6803 | D:7      | Reached XP level 10. HP: 46/60 MP: 0/0
  6930 | D:7      | Found a flagged portal.
  6947 | Bailey   | Entered a bailey
  7091 | Bailey   | Reached skill level 8 in Spellcasting
  7158 | Bailey   | Reached skill level 1 in Polearms
  7365 | D:7      | Found a stormy altar of Qazlal.
  7598 | D:7      | Found a hide-covered altar of Uskayaw.
  7739 | D:8      | Noticed Maggie
  7872 | D:8      | Reached * piety under Ashenzari
  8163 | D:8      | Noticed a komodo dragon
  8169 | D:8      | Killed a komodo dragon
  8306 | D:8      | Killed Maggie
  8598 | D:8      | Found a staircase to the Lair.
  8642 | Lair:1   | Entered Level 1 of the Lair of Beasts
  8676 | Lair:1   | Reached ** piety under Ashenzari
  8689 | Lair:1   | Noticed a komodo dragon
  8697 | Lair:1   | Killed a komodo dragon
  8725 | Lair:1   | Noticed a komodo dragon
  8734 | Lair:1   | Killed a komodo dragon
  8735 | Lair:1   | Reached skill level 9 in Spellcasting
  8801 | Lair:1   | Reached XP level 11. HP: 63/65 MP: 0/0
  8801 | Lair:1   | Learned a level 4 spell: Animate Dead
  8813 | Lair:1   | Reached skill level 5 in Polearms
  9968 | Lair:1   | Reached skill level 10 in Spellcasting
 11065 | Lair:2   | Noticed an elephant
 11086 | Lair:2   | Noticed an elephant
 11089 | Lair:2   | Noticed an elephant
 11090 | Lair:2   | Killed an elephant
 11095 | Lair:2   | Killed an elephant
 11099 | Lair:2   | Killed an elephant
 11396 | Lair:2   | Noticed an elephant
 11398 | Lair:2   | Found a staircase to the Snake Pit.
 11399 | Lair:2   | Noticed an elephant
 11400 | Lair:2   | Noticed an elephant
 11401 | Lair:2   | Noticed an elephant
 11428 | Lair:2   | Killed an elephant
 11428 | Lair:2   | Noticed an elephant
 11429 | Lair:2   | Killed an elephant
 11434 | Lair:2   | Killed an elephant
 11435 | Lair:2   | Reached XP level 12. HP: 66/70 MP: 0/0
 11938 | Lair:2   | Reached *** piety under Ashenzari
 12084 | Lair:2   | Found a staircase to the Swamp.
 12437 | Lair:3   | Noticed Amaemon
 12437 | Lair:3   | Noticed a six-headed hydra
 12452 | Lair:3   | Reached skill level 11 in Spellcasting
 12841 | Lair:3   | Noticed a catoblepas
 12867 | Lair:3   | Found a runed translucent door.
 12867 | Lair:3   | Noticed Junemoh's ghost (journeyman GrFi)
 12931 | Lair:3   | Killed Amaemon
 12949 | Lair:3   | Killed a six-headed hydra
 14286 | Lair:3   | Reached XP level 13. HP: 43/76 MP: 0/0
 14286 | Lair:3   | Learned a level 5 spell: Lee's Rapid Deconstruction
 14733 | Lair:3   | Killed a catoblepas
 14734 | Lair:3   | Reached skill level 12 in Spellcasting
 15550 | Lair:4   | Reached skill level 10 in Polearms
 15819 | Lair:4   | Noticed a catoblepas
 15845 | Lair:4   | Found a viscous altar of Jiyva.
 15845 | Lair:4   | Found a staircase to the Slime Pits.
 15934 | Lair:4   | Noticed a four-headed hydra
 16194 | Lair:4   | Killed a catoblepas
 16415 | Lair:4   | Killed a four-headed hydra
 17156 | Lair:5   | Entered Level 5 of the Lair of Beasts
 17179 | Lair:5   | Reached skill level 1 in Fighting
 17508 | Lair:5   | Noticed a catoblepas
 17536 | Lair:5   | Reached XP level 14. HP: 94/94 MP: 0/0
 17935 | Lair:5   | Slain by a death yak

Illustrated notes

Levels and vault maps discovered:
D:1:      dpeg_arrival_rhombus, layout_basic, minmay_small_reverse_x
D:2:      layout_basic, serial_shops, shop, kennysheep_generic_room_6
D:3:      layout_basic, nemelex_diamond_rough_becter, minivault_23, uniq_grinder
D:4:      layout_loops_corners, chequers_temple_overflow_statue_of_worship,
          mainiacjoe_overflow_tiny_flanked, serial_bayou, serial_bayou_crossing,
          serial_bayou_lagoon_a, serial_bayou_pond_b, serial_bayou_pond_e,
          uniq_pikel
D:5:      layout_basic, portal_sewer_entry_b, chequers_serial_rivers_marsh,
          amethyst_killhole, minmay_misc_feat_rows, uniq_blork_the_orc
D:6:      layout_loops_corners, lemuel_coloured_pillars_altar,
          minmay_temple_entry_glassed_door
D:7:      layout_rooms, lemuel_doored_altar, mainiacjoe_overflow_cross_hatched,
          nicolae_uskayaw_suspiria, enter_bailey_5
D:8:      layout_rooms, david_lair_shrubbed, uniq_maggie
Temple:   hellmonk_temple_of_storms
Lair:1:   layout_loops_ring, grunt_megastairs_3, serial_bayou_shore_b,
          serial_bayou_shore_b
Lair:2:   layout_regular_city, skrybe_swamp_entry_bodies,
          guppyfry_snake_entry_garden
Lair:3:   layout_chaotic_city, hellmonk_ghost_happy_afterlife,
          beast_lair_carwin_1, uniq_amaemon
Lair:4:   layout_regular_city, slime_entry_1, grunt_megastairs_2
Lair:5:   evilmike_catoblepas_cave, layout_small_grid

Skill      XL: |  1  2  3  4  5  6  7  8  9 10 11 12 13 14 |
---------------+-------------------------------------------+-----
Stealth        | 2 3 5 6 |  6.2
Dodging        | 3 4 6 7 |  7.8
Spellcasting   | 4 5 7 9 10 11 12 | 12.6
Polearms       | 4 7 9 11 | 11.5
Fighting       | 3 4 |  4.8

Action                   |  1- 3 |  4- 6 |  7- 9 | 10-12 | 13-15 || total
-------------------------+-------+-------+-------+-------+-------++-------
Melee: Unarmed           |     1 |       |       |       |       ||     1
       Dagger            |    10 |     2 |       |       |       ||    12
       Short sword       |       |     8 |       |       |       ||     8
       Trident           |       |     5 |   188 |   301 |   193 ||   687
       Punch             |       |       |     1 |     5 |     2 ||     8
Throw: Dart              |       |       |     3 |     1 |       ||     4
       Throwing net      |       |       |       |     2 |       ||     2
       Javelin           |       |       |       |     1 |       ||     1
 Cast: Freeze            |    26 |       |       |       |       ||    26
       Magic Dart        |    32 |    48 |       |     4 |       ||    84
       Frozen Ramparts   |       |     1 |     1 |    15 |     2 ||    19
       Ozocubu's Armour  |       |     1 |     1 |     6 |     2 ||    10
       Call Canine Famil |       |       |     6 |    13 |     5 ||    24
       Call Imp          |       |       |     1 |     2 |     2 ||     5
       Summon Ice Beast  |       |       |     2 |     9 |     6 ||    17
       Cause Fear        |       |       |       |     2 |     1 ||     3
       Lee's Rapid Decon |       |       |       |       |    27 ||    27
       Animate Dead      |       |       |       |       |     4 ||     4
Invok: Curse Item        |       |       |       |     5 |       ||     5
Evoke: Wand              |       |       |       |     5 |       ||     5
  Use: Scroll            |     7 |     3 |    10 |     2 |     2 ||    24
       Potion            |       |     5 |     2 |     2 |     5 ||    14
 Stab: Sleeping          |       |     1 |     9 |    30 |     3 ||    43
       Distracted        |       |       |     3 |    11 |    12 ||    26
       Held in net/web   |       |       |       |     1 |       ||     1
       Petrified         |       |       |       |       |     2 ||     2
Armor: Robe              |     6 |     3 |    40 |    48 |    19 ||   116
       Skin              |       |     2 |       |       |       ||     2
Dodge: Dodged            |    31 |     7 |   176 |   232 |    83 ||   529

Table legend: (Time is in decaauts)
 A = Elapsed time spent in this place.
 B = Non-inter-level travel time spent in this place.
 C = Inter-level travel time spent in this place.
 D = Time resting spent in this place.
 E = Time spent auto-exploring this place.
 F = Levels seen in this place.
 G = Mean time per level.
                   A        B        C        D        E       F      G
               +--------+--------+--------+--------+--------+-----+--------+
         Total |  17949 |  17552 |    397 |   6444 |   7413 |  16 | 1121.8 |
       Dungeon |   7521 |   7201 |    320 |    928 |   4725 |   8 |  940.1 |
        Temple |     46 |     31 |     15 |      0 |     14 |   1 |   46.0 |
          Lair |   9243 |   9181 |     62 |   5004 |   2521 |   5 | 1848.6 |
         Sewer |    751 |    751 |      0 |    428 |    153 |   1 |  751.0 |
        Bailey |    385 |    385 |      0 |     84 |      0 |   1 |  385.0 |
               +--------+--------+--------+--------+--------+-----+--------+

Top non-repeatable levels by time:
  Lair:3: 2978 daAuts
  Lair:1: 2321 daAuts
  Lair:4: 1682 daAuts
  Lair:2: 1480 daAuts
     D:4: 1282 daAuts
     D:3: 1274 daAuts
     D:1: 1089 daAuts
     D:8: 909 daAuts
     D:6: 882 daAuts
  Lair:5: 781 daAuts
     D:2: 775 daAuts
   Sewer: 751 daAuts
     D:5: 723 daAuts
     D:7: 584 daAuts
  Bailey: 385 daAuts
